 Dungeon Crawl Stone Soup version 0.28-a0-1389-gc726bef33b (webtiles) character file.

Game seed: 15984321349149160668

60769 Deminshera the Peltast (level 15, -20/141 HPs)
             Began as a Hill Orc Abyssal Knight on Jan 3, 2022.
             Was a High Priest of Lugonu.
             Killed from afar by Azrael (49 damage)
             ... with damnation
             ... on level 13 of the Dungeon.
             The game lasted 00:51:59 (31037 turns).

Deminshera the Peltast (Hill Orc Abyssal Knight)   Turns: 31037, Time: 00:51:59

Health: -20/141    AC: 20    Str: 26    XL:     15   Next: 0%
Magic:  26/26      EV: 17    Int: 10    God:    Lugonu [*****.]
Gold:   2586       SH: 18    Dex: 11    Spells: 14/14 levels left

rFire   + . .      SeeInvis +   z - +6 long sword of Red Absolution {vamp, *Slow rPois Will- SInv}
rCold   . . .      Faith    .   g - +0 kite shield
rNeg    . . .      Spirit   .   n - +2 chain mail {Will+}
rPois   +          Reflect  +   m - +1 hat {Will+}
rElec   .          Harm     .   C - +1 cloak {rPois}
rCorr   .          Rampage  .   a - +2 pair of gloves
Will    ++...                   i - +0 pair of boots
Stlth   ..........              h - amulet of reflection
HPRegen 0.33/turn               B - ring of protection from fire
MPRegen 0.20/turn               x - +4 ring of evasion

@: invisible
A: talons 2, strong 1, sturdy frame 1
a: Renounce Religion, Depart the Abyss, Bend Space, Banish, Corrupt, Enter the
Abyss


You were on level 13 of the Dungeon.
You worshipped Lugonu.
Lugonu was extremely pleased with you.
You visited 2 branches of the dungeon, and saw 19 of its levels.
You visited the Abyss 1 time.
You also visited: Bailey and Gauntlet.

You collected 2586 gold pieces.

Inventory:

Hand Weapons
 r - a +1 broad axe of freezing
 z - the +6 long sword of Red Absolution (weapon) {vamp, *Slow rPois Will- SInv}
   (You took it off a kobold demonologist on level 6 of the Dungeon)

   It occasionally heals its wielder for a portion of the damage dealt when it
   wounds a living foe.
   rPois:     It protects you from poison.
   SInv:      It lets you see invisible.
   *Slow:     It may slow you when you take damage.
   Will:      It decreases your willpower.
 P - the +10 war axe of the Fool {protect, Str+4}
   (You found it on level 3 of the Lair of Beasts)

   It grants its wielder temporary protection when it strikes (+7 to AC).
   Str:       It affects your strength (+4).
Missiles
 o - 6 throwing nets
Armour
 a - a +2 pair of gloves (worn)
 g - a +0 kite shield (worn)
 i - a +0 pair of boots (worn)
 m - a +1 hat of willpower (worn)
 n - a +2 chain mail of willpower (worn)
 v - a +3 scale mail of cold resistance
 C - a +1 cloak of poison resistance (worn)
 R - a +0 tower shield
Jewellery
 h - an amulet of reflection (around neck)
 q - a +4 ring of protection
 x - a +4 ring of evasion (right hand)
 B - a ring of protection from fire (left hand)
 Q - the ring "Pacuad" {Fly Dex+5}
   (You found it on level 6 of the Lair of Beasts)

   [ring of flight]

   Dex:       It affects your dexterity (+5).
   Fly:       It grants you flight.
Wands
 p - a wand of iceblast (47)
 y - a wand of digging (7)
 H - a wand of acid (20)
 I - a wand of paralysis (18)
 S - a wand of flame (13)
 T - a wand of polymorph (10)
Scrolls
 c - 2 scrolls of enchant armour
 f - 10 scrolls of teleportation
 k - a scroll of enchant weapon
 s - 2 scrolls of holy word
 t - 4 scrolls of immolation
 u - 5 scrolls of identify
 w - 2 scrolls of amnesia
 F - a scroll of magic mapping
 K - 8 scrolls of fog
 O - a scroll of silence
 U - a scroll of summoning
Potions
 b - 6 potions of curing
 d - 7 potions of brilliance
 e - 5 potions of haste
 j - 4 potions of magic
 l - 2 potions of resistance
 D - 3 potions of ambrosia
 E - a potion of cancellation
 G - a potion of heal wounds
 J - 2 potions of might
 M - a potion of attraction
 N - a potion of flight
Miscellaneous
 L - a phantom mirror


   Skills:
 - Level 15.0 Fighting
 - Level 2.0(3.8) Short Blades
 - Level 5.7(6.0) Long Blades
 - Level 10.0 Axes
 + Level 6.4 Armour
 - Level 12.0 Dodging
 - Level 15.0 Shields
 - Level 15.0 Invocations


You had 14 spell levels left.
You didn't know any spells.
Your spell library contained the following spells:

 Spells                   Type           Power      Damage    Failure   Level
 Animate Skeleton         Necr           0%         N/A       80%         1
 Beastly Appendage        Tmut           0%         N/A       80%         1
 Pain                     Necr           0%         1d4       80%         1
 Slow                     Hex            0%         N/A       80%         1
 Sting                    Tmut/Pois      0%         1d3       80%         1
 Ensorcelled Hibernation  Hex/Ice        0%         N/A       90%         2
 Poisonous Vapours        Pois/Air       0%         N/A       90%         2
 Wereblood                Tmut           0%         N/A       90%         2
 Confusing Touch          Hex            0%         N/A       99%         3
 Frozen Ramparts          Ice            0%         1d2       99%         3
 Portal Projectile        Hex/Tloc       0%         N/A       99%         3
 Spider Form              Tmut/Pois      0%         N/A       99%         3
 Tukima's Dance           Hex            0%         N/A       99%         3
 Vampiric Draining        Necr           0%         2d6       99%         3
 Ice Form                 Ice/Tmut       0%         N/A       100%        4
 Olgreb's Toxic Radiance  Pois           0%         N/A       100%        4
 Summon Ice Beast         Ice/Summ       0%         N/A       100%        4
 Agony                    Necr           0%         N/A       100%        5
 Blade Hands              Tmut           0%         N/A       100%        5
 Excruciating Wounds      Necr           0%         N/A       100%        5
 Enfeeble                 Hex            0%         N/A       100%        7


Dungeon Overview and Level Annotations

Branches:
Dungeon (13/15)            Temple (0/1) D:5            Lair (6/6) D:9
 Shoals (0/4) Lair:4       Spider (0/4) Lair:2        Slime (0/5) Lair:5
    Orc (0/2) D:10         Bailey (visited)         Gauntlet (visited)
 Vaults: D:13-14

Altars:
Ashenzari
Elyvilon
Fedhas
Gozag
Hepliaklqana
Qazlal
Sif Muna
Uskayaw
Yredelemnul
Zin
The Shining One
Jiyva

Shops:
D:7 [

Annotations:
D:13 Azrael
Lair:6 corrupted


Innate Abilities, Weirdness & Mutations

You have razor-sharp toenails.
Your muscles are strong. (Str +2)
Your movements are slightly less encumbered by armour. (ER -2)


Message History

The hell hound breathes flames at you. The blast of flame hits you. You resist.
* * * LOW HITPOINT WARNING * * *
The fire elemental hits you. The fire elemental burns you! You resist.
* * * LOW HITPOINT WARNING * * *
You block Azrael's attack. The hell hound barely misses you.
You block the fire elemental's attack.
You fade into invisibility!
You block the hell hound's attack. You block the fire elemental's attack.
Azrael's eyes look fiery.
You block Azrael's attack.
You hit Azrael.
Azrael is lightly wounded.
The hell hound bites you but does no damage.
You block the fire elemental's attack. Azrael closely misses you.
You block the hell hound's attack.
You hit Azrael but do no damage.
Azrael is lightly wounded.
You block the fire elemental's attack. The hell hound bites you!
* * * LOW HITPOINT WARNING * * *
You block Azrael's attack. The fire elemental closely misses you.
The hell hound bites you but does no damage.
You hit Azrael.
Azrael is lightly wounded.
You block the fire elemental's attack. You block the hell hound's attack.
Azrael closely misses you.
You barely miss the hell hound. You block the hell hound's attack.
Azrael gestures at you. The bolt of fire misses you.
The hell hound bites you but does no damage.
You closely miss the hell hound. Azrael gestures at you.
The bolt of fire misses you.
The hell hound bites you but does no damage.
You barely miss the hell hound.
The hell hound bites you but does no damage.
You block Azrael's attack. You block the hell hound's attack.
Azrael gestures at you.
The sphere of damnation explodes!
The damnation engulfs you!!!
You die...

...........#####.....##
...........#..'......'..
...........#..#......##.
...........#'###.....#
.#####....##..##.....##.
.# #....#.............
.# #....+..........###
.# #....######.E...# .#
#...... #@h°..# .#
#....... #)R...# ##
##+##... #.....# .. ....
+.....# .. .....#.......
## #.!...##. # #.....#
.# #.....# .#


You could see Azrael (invisible), a fire elemental and a hell hound.

Vanquished Creatures
  Gastronok (D:8)
  Nessos (D:13)
  Erolcha (D:13)
  A vault guard (Bailey)
  Harold (D:9)
  A boulder beetle (D:12)
  2 centaur warriors (D:13)
  A catoblepas (D:13)
  A death knight (D:11)
  A tengu warrior (D:13)
  4 two-headed ogres
  Pikel (D:7)
  A deep elf pyromancer (D:13)
  An ugly thing (D:13)
  A manticore (D:13)
  2 cyclopes
  10 elephants
  3 black mambas
  Maurice (D:8)
  3 gargoyles
  Maggie (Lair:1)
  5 cane toads
  2 kobold demonologists
  A rime drake (Lair:2)
  An unseen horror (D:11)
  8 komodo dragons
  A komodo dragon (shapeshifter) (D:13)
  A tengu conjurer (D:13)
  3 trolls
  3 polar bears (Lair:6)
  A merfolk (Lair:4)
  The ghost of Deminshera the Skirmisher, an amateur HuMo (D:4)
  Prince Ribbit (Bailey)
  Grinder (D:5)
  6 hornets (Lair:6)
  A jumping spider (shapeshifter) (D:13)
  9 dream sheep
  5 slime creatures (D:12)
  A centaur simulacrum (Gauntlet)
  A ynoxinul (Gauntlet)
  7 small abominations (Gauntlet)
  14 spriggans (Lair:6)
  3 shadows
  3 wraiths
  4 wyverns
  56 yaks
  3 basilisks
  The ghost of Iidacon the Chopper, an amateur PaFi of Zin (D:4)
  A fire elemental (D:13)
  3 humans (Bailey)
  2 redbacks (Lair:2)
  Grum (D:8)
  22 vampire mosquitoes
  A large abomination (Gauntlet)
  Edmund (D:6)
  A harpy simulacrum (Gauntlet)
  2 acid dragons
  4 hell hounds (D:13)
  4 water moccasins
  A meliai simulacrum (Gauntlet)
  4 orc warriors
  3 ogres
  An ice beast (D:7)
  6 black bears
  2 sky beasts
  3 boggarts (Lair:6)
  2 necrophages
  25 wolves
  5 centaurs
  4 lemures (D:7)
  A phantom (D:10)
  2 kobold brigands
  15 bullfrogs
  3 gnoll sergeants (D:7)
  A wyvern zombie (D:8)
  A wyvern skeleton (D:7)
  A water moccasin zombie (D:5)
  3 troll zombies (D:10)
  7 killer bees
  A water moccasin skeleton (D:7)
  4 howler monkeys
  4 electric eels
  5 centaur zombies
  5 jellies
  4 iron imps (Gauntlet)
  10 orc priests
  16 hounds
  3 gnoll shamans
  2 centaur skeletons
  4 iguanas
  12 orc wizards
  Terence (D:2)
  5 ogre zombies (D:10)
  2 howler monkey zombies
  A howler monkey skeleton (D:7)
  5 adders
  25 gnolls
  3 white imps
  An adder skeleton (D:4)
  2 worms
  7 dart slugs
  32 orcs
  6 ball pythons
  2 endoplasms
  4 giant cockroaches
  10 hobgoblins
  10 jackals
  20 kobolds
  4 quokkas
  9 bats
  A frilled lizard (D:1)
  6 goblins
  A goblin skeleton (D:6)
  A goblin zombie (D:6)
  4 hobgoblin skeletons (D:10)
  4 hobgoblin zombies
  A kobold skeleton (D:6)
  A kobold zombie (D:6)
  4 orc skeletons (D:10)
  19 orc zombies
  5 rats
580 creatures vanquished.

Vanquished Creatures (others)
  3 hydras (Lair:6)
  A catoblepas (Lair:6)
  A soul eater (Gauntlet)
  14 elephants (Lair:6)
  A black mamba (Lair:6)
  A rime drake (Lair:6)
  2 cane toads (Lair:6)
  A komodo dragon (Lair:6)
  3 polar bears (Lair:6)
  4 small abominations (Gauntlet)
  3 large abominations (Gauntlet)
  A wyvern (Lair:6)
  4 yaks (Lair:6)
  3 water moccasins (Lair:6)
  3 shadow imps (Gauntlet)
  16 fungi
  29 plants
  A withered plant (D:8)
91 creatures vanquished.

Grand Total: 671 creatures vanquished

Notes
Turn   | Place    | Note
-------+----------+-------------------------------------------
     0 | Abyss:1  | Deminshera the Hill Orc Abyssal Knight began the quest for
                  | the Orb.
     0 | Abyss:1  | Reached XP level 1. HP: 19/19 MP: 2/2
    35 | D:1      | Escaped the Abyss
    53 | D:1      | Reached skill level 1 in Dodging
    53 | D:1      | Reached XP level 2. HP: 12/27 MP: 3/3
   873 | D:1      | Reached ** piety under Lugonu
   962 | D:1      | Reached XP level 3. HP: 32/33 MP: 5/5
  1272 | D:1      | Found a faded altar of an unknown god.
  1573 | D:2      | Reached skill level 1 in Shields
  2040 | D:2      | Reached XP level 4. HP: 40/40 MP: 6/6
  2251 | D:2      | Noticed Terence
  2268 | D:2      | Killed Terence
  2754 | D:2      | Reached XP level 5. HP: 24/46 MP: 7/7
  3749 | D:4      | Reached skill level 5 in Shields
  3749 | D:4      | Reached XP level 6. HP: 43/52 MP: 8/8
  4221 | D:4      | Reached *** piety under Lugonu
  4406 | D:4      | Found a white marble altar of Elyvilon.
  4988 | D:4      | Identified the +7 dagger "Opheracs" {freeze, *Rage Fragile
                  | rElec Int+8}
  5128 | D:4      | Reached XP level 7. HP: 59/59 MP: 9/9
  5553 | D:4      | Found a runed translucent gate.
  5554 | D:4      | Found a runed translucent gate.
  5554 | D:4      | Found a runed translucent gate.
  5559 | D:4      | Noticed Iidacon's ghost (amateur PaFi)
  5559 | D:4      | Noticed Deminshera's ghost (amateur HuMo)
  5576 | D:4      | Killed Iidacon's ghost
  5584 | D:4      | Killed Deminshera's ghost
  5585 | D:4      | Reached skill level 5 in Invocations
  5585 | D:4      | Reached XP level 8. HP: 49/66 MP: 11/11
  5788 | D:5      | Entered Level 5 of the Dungeon
  6029 | D:5      | Found a staircase to the Ecumenical Temple.
  6388 | D:5      | Noticed Grinder
  6414 | D:5      | Paralysed by Grinder for 6 turns
  6436 | D:5      | Killed Grinder
  7031 | D:5      | Noticed a troll
  7045 | D:5      | Killed a troll
  7046 | D:5      | Reached skill level 1 in Short Blades
  7046 | D:5      | Reached skill level 10 in Shields
  7046 | D:5      | Reached XP level 9. HP: 41/71 MP: 14/14
  7444 | D:5      | Identified the +1 scale mail of the Serpent {rF- rCorr
                  | Int+6}
  7649 | D:5      | Found a stormy altar of Qazlal.
  8087 | D:6      | Found a glowing golden altar of the Shining One.
  8901 | D:6      | Noticed Edmund
  8914 | D:6      | Killed Edmund
  8941 | D:6      | You fall into a shaft and drop 3 floors!
  9319 | D:7      | Reached **** piety under Lugonu
  9563 | D:6      | Reached XP level 10. HP: 78/78 MP: 16/16
  9673 | D:6      | Found a hazy altar of Hepliaklqana.
 11566 | D:7      | Noticed a two-headed ogre
 11568 | D:7      | Noticed Pikel
 11573 | D:7      | Noticed a kobold demonologist
 11613 | D:7      | Killed Pikel
 11625 | D:7      | Killed a two-headed ogre
 12035 | D:7      | Found Bicvegen's Armour Boutique.
 12252 | D:7      | Identified the +6 long sword of Red Absolution {vamp, *Slow
                  | rPois Will- SInv}
 12254 | D:7      | Noticed a smoke demon
 12408 | D:6      | Killed a kobold demonologist
 12409 | D:6      | Reached skill level 15 in Shields
 12760 | D:8      | Found a basalt altar of Yredelemnul.
 12808 | D:8      | Noticed Gastronok
 12837 | D:8      | Killed Gastronok
 12838 | D:8      | Reached skill level 5 in Fighting
 12838 | D:8      | Reached XP level 11. HP: 57/89 MP: 17/17
 13725 | D:8      | Noticed Grum
 13753 | D:8      | Killed Grum
 14382 | D:9      | Found a staircase to the Lair.
 14874 | D:9      | Noticed Maurice
 14921 | D:8      | Killed Maurice
 14922 | D:8      | Reached skill level 10 in Invocations
 15330 | D:9      | Reached ***** piety under Lugonu
 15411 | D:9      | Noticed Harold
 15438 | D:9      | Killed Harold
 15727 | D:9      | Found an opulent altar of Gozag.
 15843 | D:9      | Found a blossoming altar of Fedhas.
 15997 | D:9      | Noticed a cyclops
 16011 | D:9      | Killed a cyclops
 16028 | D:9      | Reached skill level 5 in Armour
 16035 | D:9      | Reached skill level 5 in Dodging
 16394 | D:9      | Found a glowing silver altar of Zin.
 16544 | D:10     | Entered Level 10 of the Dungeon
 16583 | D:10     | Found a flagged portal.
 16591 | Bailey   | Entered a bailey
 16689 | Bailey   | Reached XP level 12. HP: 101/101 MP: 19/19
 16710 | Bailey   | Noticed a vault guard
 16711 | Bailey   | Noticed Prince Ribbit
 16717 | Bailey   | Killed Prince Ribbit
 16718 | Bailey   | Banished a vault guard
 16797 | Bailey   | Noticed a vault guard
 16813 | Bailey   | Killed a vault guard
 16984 | Bailey   | Identified a scroll of acquirement
 16984 | Bailey   | Acquired 830 gold pieces
 17304 | D:10     | Found a staircase to the Orcish Mines.
 17446 | D:10     | Found a shimmering blue altar of Sif Muna.
 17570 | D:10     | Reached ****** piety under Lugonu
 18394 | D:10     | Found a hide-covered altar of Uskayaw.
 18808 | D:11     | Found a gate leading to a gauntlet.
 18815 | Gauntlet | Entered a Gauntlet
 18815 | Gauntlet | Found a runed translucent door.
 18815 | Gauntlet | Found a transporter.
 18815 | Gauntlet | Found a runed translucent door.
 18815 | Gauntlet | Found a transporter.
 18846 | Gauntlet | Found a transporter.
 18850 | Gauntlet | Found a transporter.
 18858 | Gauntlet | Found a transporter.
 18862 | Gauntlet | Found a transporter.
 18871 | Gauntlet | Found a transporter.
 18884 | Gauntlet | Found a runed translucent door.
 18886 | Gauntlet | Found a transporter.
 18889 | Gauntlet | Found a runed translucent door.
 18900 | Gauntlet | Found a transporter.
 18904 | Gauntlet | Found a transporter.
 18912 | Gauntlet | Found a transporter.
 18916 | Gauntlet | Found a transporter.
 18946 | Gauntlet | Noticed a soul eater
 19590 | Gauntlet | Corrupted Gauntlet
 19590 | Gauntlet | Noticed a starcursed mass
 19590 | Gauntlet | Noticed a thrashing horror
 19590 | Gauntlet | Noticed a starcursed mass
 19590 | Gauntlet | Noticed a white draconian stormcaller
 19590 | Gauntlet | Noticed a tentacled starspawn
 19605 | Gauntlet | Killed a soul eater
 19698 | Gauntlet | Identified the +0 pair of gloves "Besoify Cemi" {Str+2}
 20102 | Gauntlet | Identified the ring of Recklessness {Fire rN+++ Str+5 Int-4
                  | Dex-2}
 20138 | Gauntlet | Gained mutation: You are agile. (Dex +2) [potion of
                  | mutation]
 20138 | Gauntlet | Gained mutation: Armour fits poorly on your strangely
                  | shaped body. [potion of mutation]
 20138 | Gauntlet | Gained mutation: Your movements are slightly less
                  | encumbered by armour. (ER -2) [potion of mutation]
 20139 | Gauntlet | Lost mutation: You are agile. (Dex +2) [potion of mutation]
 20139 | Gauntlet | Gained mutation: You have sharp toenails. [potion of
                  | mutation]
 20140 | Gauntlet | Lost mutation: Armour fits poorly on your strangely shaped
                  | body. [potion of mutation]
 20140 | Gauntlet | Gained mutation: You have razor-sharp toenails. [potion of
                  | mutation]
 20140 | Gauntlet | Gained mutation: Your muscles are strong. (Str +2) [potion
                  | of mutation]
 20179 | Gauntlet | Noticed a minotaur
 20180 | Gauntlet | Banished a minotaur
 20473 | D:11     | Noticed a death knight
 20500 | D:11     | Killed a death knight
 20968 | D:11     | Noticed a two-headed ogre
 20980 | D:11     | Killed a two-headed ogre
 21320 | D:11     | Reached XP level 13. HP: 107/107 MP: 23/23
 21415 | Lair:1   | Entered Level 1 of the Lair of Beasts
 21796 | Lair:1   | Reached skill level 15 in Invocations
 21849 | Lair:1   | Reached skill level 10 in Dodging
 22018 | Lair:1   | Identified the +3 leather armour "Keecaogu" {Regen+ Dex-2
                  | SInv}
 22387 | Lair:1   | Noticed Maggie
 22402 | Lair:1   | Killed Maggie
 23006 | Lair:2   | Found a hole to the Spider Nest.
 23617 | Lair:2   | Reached skill level 5 in Long Blades
 23717 | Lair:2   | Found a blossoming altar of Fedhas.
 24445 | Lair:3   | Identified the +10 war axe of the Fool {protect, Str+4}
 24732 | Lair:3   | You fall into a shaft and drop 2 floors!
 24732 | Lair:5   | Found a staircase to the Slime Pits.
 24732 | Lair:5   | Found a viscous altar of Jiyva.
 25409 | Lair:4   | Reached skill level 10 in Fighting
 25604 | Lair:4   | Found a staircase to the Shoals.
 26227 | Lair:5   | Reached skill level 5 in Axes
 26295 | Lair:5   | Found a broken altar of Ashenzari.
 26412 | Lair:5   | Reached XP level 14. HP: 118/122 MP: 25/25
 27234 | Lair:6   | Entered Level 6 of the Lair of Beasts
 27250 | Lair:6   | Corrupted Lair:6
 27250 | Lair:6   | Noticed a tentacled starspawn
 27251 | Lair:6   | Noticed a starcursed mass
 27257 | Lair:6   | Noticed a red very ugly thing
 27284 | Lair:6   | Noticed a starcursed mass
 27295 | Lair:6   | Noticed a starcursed mass
 28313 | Lair:6   | Identified the ring "Pacuad" {Fly Dex+5}
 28334 | Lair:6   | Identified the +6 eveningstar of the Abyss {vorpal, Int+3
                  | Dex+3}
 28493 | Lair:6   | Identified the +7 mace "Seiciutz" {speed, rElec}
 29430 | D:12     | Reached skill level 10 in Axes
 30634 | D:13     | Noticed Erolcha
 30645 | D:13     | Noticed Nessos
 30655 | D:13     | Killed Nessos
 30660 | D:13     | Killed Erolcha
 31009 | D:13     | Noticed Azrael
 31012 | D:13     | Reached skill level 15 in Fighting
 31020 | D:13     | Reached XP level 15. HP: 85/141 MP: 26/26
 31037 | D:13     | Killed from afar by Azrael

Illustrated notes

Levels and vault maps discovered:
D:1:      minmay_arrival_arboretum_small, layout_basic,
          hellmonk_ecumenical_altar_arch_garden, hangedman_feature_mirror,
          minmay_heptomino_w4
D:2:      layout_basic, uniq_terence
D:3:      layout_rooms, hangedman_decor_lopped
D:4:      layout_layer_cave, elyvilon_altar_3, gammafunk_ghost_cemetery,
          minmay_unequal
D:5:      layout_basic, lemuel_doored_altar, minmay_temple_entry_sparse_star,
          serial_corexii_hall, chequers_hall_statues_corner_a,
          chequers_hall_statues_wall_a, corexii_hall_statues_i,
          chequers_hall_statues_y, minmay_divided_ellipse, uniq_grinder
D:6:      layout_gridville, worldfamousw_hep_ancestral_shrine,
          nicolae_tso_besieged_by_evil, uniq_edmund
D:7:      layout_cave_pools, serial_shops, shop, serial_gnoll_camp,
          gnoll_camp_medium_01, gnoll_camp_mini_loothouse,
          gnoll_camp_mini_doghouse, gnoll_camp_mini_house, gnoll_camp_mini_hut,
          gnoll_camp_mini_hut, minmay_manual_monolith, uniq_pikel
D:8:      layout_basic, yredelemnul_altar_generic, uniq_grum, uniq_gastronok
D:9:      layout_long_grid, mainiacjoe_overflow_paths,
          pdpol_temple_overflow_zin_treasury_gozag_greed, erik_lair_island,
          kennysheep_dice, uniq_harold, uniq_maurice
D:10:     layout_small_grid, nicolae_overflow_hidden_temple,
          mainiacjoe_overflow_concentric_impassable, zombieorc2_lemuel,
          enter_bailey_2, kennysheep_big_empty_room
D:11:     layout_loops_ring, gauntlet_entry_generic
D:12:     layout_roguey
D:13:     layout_gridville, guppyfry_shop_earth, uniq_azrael, uniq_erolcha,
          uniq_nessos
Lair:1:   layout_layer_cave, beast_lair_carwin_4, uniq_maggie,
          uniq_prince_ribbit2
Lair:2:   layout_cave_shapes, spider_nest_entry_webs, lemuel_centaur_altar,
          serial_bayou_shore_a
Lair:3:   layout_cave_pods
Lair:4:   layout_cave_pods, elwin_shoals_entry_rooms
Lair:5:   layout_hall_layers, slime_altar_1, basic_altar
Lair:6:   minmay_lair_end_enchanted_forest, layout_cave_shapes,
          cheibrodos_lair_lostbears

Skill      XL: |  1  2  3  4  5  6  7  8  9 10 11 12 13 14 |
---------------+-------------------------------------------+-----
Dodging        | 1 2 5 8 12 | 12.0
Axes           | 3 5 10 | 10.0
Fighting       | 4 5 8 10 15 | 15.0
Invocations    | 3 5 7 8 10 14 15 | 15.0
Shields        | 1 3 5 6 8 10 12 15 | 15.0
Short Blades   | 1 2 |  2.0
Armour         | 3 5 6 |  6.4
Long Blades    | 3 4 5 |  5.7

Action                   |  1- 3 |  4- 6 |  7- 9 | 10-12 | 13-15 || total
-------------------------+-------+-------+-------+-------+-------++-------
Melee: Hand axe          |    34 |       |       |       |       ||    34
       Dagger            |    90 |   175 |   271 |   187 |       ||   723
       Long sword        |       |       |       |  1044 |   967 ||  2011
       War axe           |       |       |       |       |   270 ||   270
       Broad axe         |       |       |       |       |    10 ||    10
Invok: Banish            |       |       |       |     8 |    10 ||    18
       Bend Space        |       |       |       |     4 |     2 ||     6
       Corrupt           |       |       |       |     1 |     1 ||     2
Evoke: Wand              |       |       |       |     8 |     1 ||     9
  Use: Potion            |       |       |     1 |     7 |     5 ||    13
       Scroll            |       |       |    10 |    21 |     4 ||    35
 Stab: Confused          |       |       |       |     1 |       ||     1
Armor: Leather armour    |    37 |       |       |       |    79 ||   116
       Chain mail        |    15 |    76 |    98 |   458 |   466 ||  1113
       Skin              |       |       |       |    16 |       ||    16
       Scale mail        |       |       |       |    28 |       ||    28
Dodge: Dodged            |    64 |    19 |    76 |   684 |   937 ||  1780
Block: Kite shield       |    30 |   125 |   228 |  1571 |  1613 ||  3567
       Reflection        |     2 |     6 |     3 |    30 |    26 ||    67

Table legend: (Time is in decaauts)
 A = Elapsed time spent in this place.
 B = Non-inter-level travel time spent in this place.
 C = Inter-level travel time spent in this place.
 D = Time resting spent in this place.
 E = Time spent auto-exploring this place.
 F = Levels seen in this place.
 G = Mean time per level.
                   A        B        C        D        E       F      G
               +--------+--------+--------+--------+--------+-----+--------+
         Total |  31878 |  30908 |    970 |  11444 |  13371 |  22 | 1449.0 |
       Dungeon |  22129 |  21540 |    589 |   9593 |   8314 |  13 | 1702.2 |
          Lair |   7894 |   7513 |    381 |   1100 |   4635 |   6 | 1315.7 |
         Abyss |     35 |     35 |      0 |      0 |     29 |   1 |   35.0 |
        Bailey |    427 |    427 |      0 |      0 |    276 |   1 |  427.0 |
      Gauntlet |   1393 |   1393 |      0 |    751 |    116 |   1 | 1393.0 |
               +--------+--------+--------+--------+--------+-----+--------+

Top non-repeatable levels by time:
     D:8: 2671 daAuts
     D:5: 2414 daAuts
     D:7: 2265 daAuts
     D:6: 2177 daAuts
    D:10: 2080 daAuts
     D:4: 2034 daAuts
  Lair:6: 1771 daAuts
     D:9: 1678 daAuts
     D:2: 1599 daAuts
  Lair:2: 1549 daAuts
  Lair:1: 1452 daAuts
     D:1: 1447 daAuts
Gauntlet: 1393 daAuts
  Lair:4: 1389 daAuts
  Lair:5: 1235 daAuts
